[Event "UZB-ch Men 2018"]
[Site "Tashkent"]
[Date "2018.05.03"]
[Round "1.7"]
[White "Fayzullaev, Akmal"]
[Black "Tillyaev, Ulugbek"]
[Result "1/2-1/2"]
[ECO "C68"]
[WhiteElo "2382"]
[BlackElo "2292"]
[PlyCount "24"]
[EventDate "2018.05.13"]
[EventType "tourn"]
[EventCountry "UZB"]
[TimeControl "5400+30"]
[WhiteClock "1:27:58"]
[BlackClock "1:31:10"]

1. e4 e5 2. Nf3 Nc6 3. Bb5 a6 4. Bxc6 dxc6 5. O-O Qd6 6. Na3 Be6 7. b3 O-O-O 8. Nc4 Bxc4 9. bxc4 Ne7 10. Rb1 f6 11. d3 c5 12. Be3 Nc6 1/2-1/2

[Event "UZB-ch Men 2018"]
[Site "Tashkent"]
[Date "2018.05.04"]
[Round "2.1"]
[White "Abdisalimov, Abdimalik"]
[Black "Tillyaev, Ulugbek"]
[Result "0-1"]
[ECO "A20"]
[WhiteElo "2317"]
[BlackElo "2292"]
[PlyCount "44"]
[EventDate "2018.05.13"]
[EventType "tourn"]
[EventCountry "UZB"]
[TimeControl "5400+30"]
[WhiteClock "0:10:08"]
[BlackClock "0:07:41"]

1. c4 e5 2. a3 Nf6 3. d3 c6 4. Nf3 Bd6 5. g3 Bc7 6. Bg2 O-O 7. O-O h6 8. b4 d5 9. cxd5 cxd5 10. Nc3 Nbd7 11. Nd2 Nb6 12. Bb2 a6 13. Rc1 Bd7 14. Ba1 Rb8 15. a4 Be6 16. a5 Nbd7 17. Qa4 Bd6 18. d4 b5 19. axb6 Nxb6 20. Qxa6 exd4 21. Ncb1 Ra8 22. Qd3 Rxa1 0-1

[Event "UZB-ch Men 2018"]
[Site "Tashkent"]
[Date "2018.05.04"]
[Round "2.3"]
[White "Saydaliev, Saidakbar"]
[Black "Khoroshev, Nikita"]
[Result "1/2-1/2"]
[ECO "D37"]
[WhiteElo "2361"]
[BlackElo "2340"]
[PlyCount "58"]
[EventDate "2018.05.13"]
[EventType "tourn"]
[EventCountry "UZB"]
[TimeControl "5400+30"]
[WhiteClock "0:46:22"]
[BlackClock "0:25:01"]

1. Nf3 Nf6 2. c4 e6 3. Nc3 d5 4. d4 Be7 5. Bf4 O-O 6. e3 a6 7. c5 b6 8. b4 Nh5 9. Bg3 Nxg3 10. hxg3 Nc6 11. a3 g6 12. Be2 Bb7 13. O-O Bf6 14. cxb6 cxb6 15. Rc1 Be7 16. Qb3 Qd6 17. Na4 Nb8 18. Ne5 f6 19. Nd3 Nd7 20. f4 Rfc8 21. Rxc8+ Rxc8 22. Rc1 Rxc1+ 23. Nxc1 Qc7 24. Qc3 Bd6 25. Qxc7 Bxc7 26. Nc3 Kf7 27. Nb3 Bd6 28. Kf2 Ke7 29. Bd3 Nb8 1/2-1/2

[Event "UZB-ch Men 2018"]
[Site "Tashkent"]
[Date "2018.05.05"]
[Round "3.6"]
[White "Fayzullaev, Akmal"]
[Black "Saydaliev, Saidakbar"]
[Result "1/2-1/2"]
[ECO "A34"]
[WhiteElo "2382"]
[BlackElo "2361"]
[PlyCount "43"]
[EventDate "2018.05.13"]
[EventType "tourn"]
[EventCountry "UZB"]
[TimeControl "5400+30"]
[WhiteClock "0:13:20"]
[BlackClock "0:22:51"]

1. c4 Nf6 2. Nc3 c5 3. g3 Nc6 4. Bg2 g6 5. a3 Bg7 6. Rb1 a5 7. Nf3 O-O 8. O-O d5 9. cxd5 Nxd5 10. Qa4 Nb6 11. Qb5 c4 12. b3 Bf5 13. e4 Be6 14. bxc4 Nxc4 15. Qxb7 Qd6 16. Nd5 Bxd5 17. exd5 Rab8 18. Qxc6 Qxc6 19. dxc6 Rxb1 20. d3 Nd6 21. Nd2 Rb6 22. Nc4 1/2-1/2

[Event "UZB-ch Men 2018"]
[Site "Tashkent"]
[Date "2018.05.06"]
[Round "4.2"]
[White "Saydaliev, Saidakbar"]
[Black "Tillyaev, Ulugbek"]
[Result "1-0"]
[ECO "B90"]
[WhiteElo "2361"]
[BlackElo "2292"]
[PlyCount "85"]
[EventDate "2018.05.13"]
[EventType "tourn"]
[EventCountry "UZB"]
[TimeControl "5400+30"]

1. e4 c5 2. Nf3 d6 3. d4 cxd4 4. Nxd4 Nf6 5. Nc3 a6 6. h3 g6 7. g4 Bg7 8. g5 Nh5 9. Be2 e5 10. Nb3 Nf4 11. Bxf4 exf4 12. h4 Nc6 13. Qd2 Be5 14. O-O-O Be6 15. Kb1 Qb6 16. Nd5 Bxd5 17. exd5 Ne7 18. Bg4 O-O 19. h5 a5 20. a4 Rfd8 21. f3 Kg7 22. Qh2 Rh8 23. h6+ Kf8 24. Rhe1 Rg8 25. Re4 Nf5 26. Qd2 Qd8 27. Rxe5 dxe5 28. d6 Qxg5 29. d7 Rd8 30. Bxf5 gxf5 31. Nxa5 Qxh6 32. Nxb7 Kg7 33. Rg1+ Kh8 34. Rxg8+ Rxg8 35. d8=Q Rxd8 36. Qxd8+ Kg7 37. Nd6 Qe6 38. Qg5+ Kf8 39. Nxf5 h5 40. Qxh5 Qf6 41. Qh6+ Qxh6 42. Nxh6 Kg7 43. Ng4 1-0

[Event "UZB-ch Men 2018"]
[Site "Tashkent"]
[Date "2018.05.07"]
[Round "5.1"]
[White "Jumanov, Elbek"]
[Black "Abdisalimov, Abdimalik"]
[Result "0-1"]
[ECO "A36"]
[WhiteElo "2283"]
[BlackElo "2317"]
[PlyCount "80"]
[EventDate "2018.05.13"]
[EventType "tourn"]
[EventCountry "UZB"]
[TimeControl "5400+30"]

1. c4 g6 2. g3 Bg7 3. Bg2 c5 4. Nc3 Nc6 5. a3 e6 6. Rb1 a5 7. Nb5 d6 8. Nf3 e5 9. O-O Nge7 10. d3 O-O 11. Bd2 h6 12. Ne1 Be6 13. Nc2 d5 14. cxd5 Bxd5 15. Bxd5 Nxd5 16. b4 cxb4 17. axb4 a4 18. Ne3 Nd4 19. Nxd5 Nxb5 20. e4 Re8 21. Be3 Re6 22. Ra1 Rea6 23. Qc1 Bf8 24. Bxh6 Rc6 25. Qe3 Bxh6 26. Qxh6 Nc3 27. b5 Nxb5 28. Rfb1 Nc3 29. Nxc3 Rxc3 30. Rxb7 Rxd3 31. Qc1 Qd4 32. Qe1 a3 33. Rb5 Qd6 34. Kg2 Ra4 35. Ra5 Rxa5 36. Qxa5 Kg7 37. Ra2 Qf6 38. Kg1 Qf3 39. Qxe5+ Kh7 40. Ra1 Rd1+ {Qa5} 0-1

[Event "UZB-ch Men 2018"]
[Site "Tashkent"]
[Date "2018.05.08"]
[Round "6.1"]
[White "Abdisalimov, Abdimalik"]
[Black "Saydaliev, Saidakbar"]
[Result "1-0"]
[ECO "E53"]
[WhiteElo "2317"]
[BlackElo "2361"]
[PlyCount "71"]
[EventDate "2018.05.13"]
[EventType "tourn"]
[EventCountry "UZB"]
[TimeControl "5400+30"]

1. d4 Nf6 2. c4 e6 3. Nc3 Bb4 4. e3 O-O 5. Bd3 d5 6. Nf3 c5 7. cxd5 exd5 8. O-O Nc6 9. dxc5 Bxc5 10. h3 Qe7 11. b3 Rd8 12. Bb2 Ne4 13. Rc1 Bf5 14. Ne2 Bg6 15. Nf4 Rac8 16. Qe2 Bb6 17. Bb5 Ng5 18. Rfd1 Be4 19. Nd2 Bf5 20. Nf1 Be6 21. Ng3 f6 22. h4 Nf7 23. Bd3 Nh6 24. Qc2 Bf7 25. Bxh7+ Kh8 26. Nf5 Nxf5 27. Qxf5 Bxe3 28. fxe3 Qxe3+ 29. Kh2 Ne7 30. Qg4 Rxc1 31. Bxc1 Qe5 32. Bd3 g5 33. hxg5 fxg5 34. Qh3+ Kg7 35. Qg3 Rh8+ 36. Nh3 1-0

[Event "UZB-ch Men 2018"]
[Site "Tashkent"]
[Date "2018.05.08"]
[Round "6.7"]
[White "Jumanov, Elbek"]
[Black "Vahidov, Tair"]
[Result "0-1"]
[ECO "A38"]
[WhiteElo "2283"]
[BlackElo "2400"]
[PlyCount "92"]
[EventDate "2018.05.13"]
[EventType "tourn"]
[EventCountry "UZB"]
[TimeControl "5400+30"]

1. c4 Nf6 2. g3 g6 3. Bg2 c5 4. Nc3 Bg7 5. Nf3 Nc6 6. O-O O-O 7. d3 d5 8. cxd5 Nxd5 9. Nxd5 Qxd5 10. Be3 Bd7 11. Nd4 Qd6 12. Nxc6 Bxc6 13. Bxc6 Qxc6 14. Rc1 Qe6 15. b3 b6 16. Rc4 Rfd8 17. Qc2 Rd5 18. Kg2 Rad8 19. h4 Bd4 20. Qd2 Re5 21. Bxd4 Rxe2 22. Qf4 cxd4 23. Rxd4 Rxd4 24. Qxd4 Rxa2 25. Rc1 Ra5 26. Rc7 Qd5+ 27. Qxd5 Rxd5 28. Rxe7 a5 29. Rb7 Rb5 30. d4 Rxb3 31. d5 Kg7 32. g4 h6 33. d6 Kf6 34. g5+ hxg5 35. hxg5+ Ke6 36. Re7+ Kxd6 37. Rxf7 a4 38. Rf6+ Ke5 39. Rxg6 a3 40. Rg8 Kf5 41. f4 Kxf4 42. g6 Kf5 43. g7 Kf6 44. Kf2 Kf7 45. Ra8 Kxg7 46. Ke2 b5 0-1

[Event "UZB-ch Men 2018"]
[Site "Tashkent"]
[Date "2018.05.09"]
[Round "7.1"]
[White "Vahidov, Tair"]
[Black "Abdisalimov, Abdimalik"]
[Result "1-0"]
[ECO "A30"]
[WhiteElo "2400"]
[BlackElo "2317"]
[PlyCount "99"]
[EventDate "2018.05.13"]
[EventType "tourn"]
[EventCountry "UZB"]
[TimeControl "5400+30"]

1. Nf3 c5 2. c4 Nf6 3. Nc3 e6 4. g3 b6 5. Bg2 Bb7 6. O-O Be7 7. d4 cxd4 8. Qxd4 d6 9. Rd1 a6 10. e4 Qc7 11. b3 O-O 12. Ba3 Rd8 13. Rac1 Nc6 14. Qe3 Ng4 15. Qe2 Qb8 16. h3 Nge5 17. Nxe5 Nxe5 18. f4 Nc6 19. Nd5 b5 20. Nxe7+ Nxe7 21. Qd2 Bc6 22. Bxd6 Qb7 23. Qe2 Rd7 24. c5 b4 25. Bxe7 Rxe7 26. e5 Rc7 27. Rd6 Rac8 28. Rcd1 Bd5 29. Bxd5 exd5 30. R1xd5 g6 31. e6 Re7 32. Rd8+ Kg7 33. Qe5+ f6 34. Qd6 Rc6 35. Qxe7+ Qxe7 36. R5d7 Rxe6 37. Rxe7+ Rxe7 38. Kf2 Kf7 39. Kf3 Re1 40. Rd7+ Ke8 41. Ra7 h5 42. Rxa6 Ke7 43. Rb6 Rc1 44. Rxb4 Rxc5 45. Rc4 Rd5 46. Ke2 Ke6 47. g4 h4 48. a4 f5 49. gxf5+ Kxf5 50. b4 1-0

[Event "UZB-ch Men 2018"]
[Site "Tashkent"]
[Date "2018.05.10"]
[Round "8.6"]
[White "Jumanov, Elbek"]
[Black "Khoroshev, Nikita"]
[Result "1/2-1/2"]
[ECO "A15"]
[WhiteElo "2283"]
[BlackElo "2340"]
[PlyCount "65"]
[EventDate "2018.05.13"]
[EventType "tourn"]
[EventCountry "UZB"]
[TimeControl "5400+30"]

1. c4 Nf6 2. Nf3 g6 3. g3 Bg7 4. Bg2 O-O 5. O-O c6 6. Nc3 d5 7. d4 dxc4 8. a4 a5 9. e4 Na6 10. Qe2 Nb4 11. Qxc4 Bg4 12. Bf4 Nd7 13. Rad1 Qc8 14. d5 cxd5 15. Qxc8 Rfxc8 16. Nxd5 Nxd5 17. Rxd5 Nc5 18. e5 Nxa4 19. Rb5 Nc5 20. Be3 Nd7 21. Ra1 Rd8 22. h3 Bf5 23. Nd4 Bd3 24. Rxb7 Nxe5 25. Rxe7 Ra6 26. Bb7 Rad6 27. Nb3 Nc4 28. Nxa5 Nxe3 29. Rxe3 Bxb2 30. Rd1 Bf5 31. Rxd6 Rxd6 32. Nc4 Rd1+ 33. Kg2 1/2-1/2

[Event "UZB-ch Men 2018"]
[Site "Tashkent"]
[Date "2018.05.11"]
[Round "9.2"]
[White "Khoroshev, Nikita"]
[Black "Vahidov, Tair"]
[Result "1/2-1/2"]
[ECO "D01"]
[WhiteElo "2340"]
[BlackElo "2400"]
[PlyCount "114"]
[EventDate "2018.05.13"]
[EventType "tourn"]
[EventCountry "UZB"]
[TimeControl "5400+30"]

1. d4 Nf6 2. Nc3 d5 3. Bg5 Nbd7 4. Nf3 e6 5. e4 dxe4 6. Nxe4 h6 7. Nxf6+ Nxf6 8. Bh4 Be7 9. c3 O-O 10. Bd3 b6 11. Qe2 Bb7 12. Ba6 Bxa6 13. Qxa6 Nd5 14. Bg3 c5 15. O-O Qc8 16. Qa4 a6 17. c4 b5 18. cxb5 Nb6 19. Qa5 Nc4 20. Qc3 axb5 21. Qb3 Qa6 22. Rfc1 cxd4 23. Nxd4 Rfd8 24. Rd1 Rd5 25. h3 Bf6 26. Nc2 Rxd1+ 27. Rxd1 Nxb2 28. Nb4 Qa4 29. Rd7 Qxb3 30. axb3 Ra3 31. Rb7 Rxb3 32. Rxb5 Kh7 33. Rb8 Bd4 34. Nc6 Rxb8 35. Bxb8 Bb6 36. Kf1 Nd3 37. f3 Nc5 38. Bg3 Nd7 39. Ne5 Nxe5 40. Bxe5 g6 41. g4 Kg8 42. Ke2 Kf8 43. Kd3 Ke7 44. Bf4 h5 45. Be5 Kd7 46. Kc4 Kc6 47. Bg3 Bc7 48. Bf2 f5 49. gxf5 gxf5 50. Be3 Bd6 51. Bd4 Bf4 52. Ba7 Kd7 53. Kd3 Ke7 54. Bb6 Kf6 55. Ke2 Bd6 56. Be3 Ke5 57. Kd3 Kd5 {Ke4+} 1/2-1/2

[Event "UZB-ch Men 2018"]
[Site "Tashkent"]
[Date "2018.05.11"]
[Round "9.3"]
[White "Fayzullaev, Akmal"]
[Black "Jumanov, Elbek"]
[Result "1-0"]
[ECO "B40"]
[WhiteElo "2382"]
[BlackElo "2283"]
[PlyCount "99"]
[EventDate "2018.05.13"]
[EventType "tourn"]
[EventCountry "UZB"]
[TimeControl "5400+30"]

1. e4 c5 2. Nf3 e6 3. c3 Nf6 4. e5 Nd5 5. d4 cxd4 6. cxd4 d6 7. Bc4 Bd7 8. Bxd5 exd5 9. Nc3 Be7 10. O-O Be6 11. Qb3 Qd7 12. Bf4 Nc6 13. exd6 Bxd6 14. Bxd6 Qxd6 15. Qxb7 Rb8 16. Qa6 O-O 17. b3 Bg4 18. Ne5 Rb6 19. Qd3 Nb4 20. Qd2 Bf5 21. Na4 Rbb8 22. Nc5 f6 23. Ned3 Nc6 24. Nf4 Rb4 25. Ne2 Re8 26. a3 Rbb8 27. Rfe1 Bg4 28. Ng3 h5 29. h3 h4 30. Nf1 Bh5 31. b4 g5 32. Rac1 Bg6 33. Ne3 Kh7 34. Nb3 Re4 35. Qc3 Rb6 36. Qc5 Qxc5 37. Nxc5 Rxd4 38. Nd7 Ne5 39. Nxb6 axb6 40. Red1 Bd3 41. Rc3 Kg6 42. f4 gxf4 43. Ng4 Rc4 44. Nxe5+ fxe5 45. Rdxd3 Rxc3 46. Rxc3 d4 47. Rc6+ Kf5 48. Rxb6 Ke4 49. a4 d3 50. Rd6 {Kd5} 1-0

[Event "UZB-ch Men 2018"]
[Site "Tashkent"]
[Date "2018.05.15"]
[Round "13"]
[White "Fayzullaev, Akmal"]
[Black "Abdisalimov, Abdimalik"]
[Result "1-0"]
[ECO "B22"]
[WhiteElo "2382"]
[BlackElo "2317"]
[Annotator "ChessBase"]
[PlyCount "121"]
[EventDate "2018.05.13"]
[EventType "tourn"]
[EventCountry "UZB"]
[SourceTitle "playchess.com"]
[Source "ChessBase"]
[SourceQuality "1"]
[TimeControl "5400+30"]

1. e4 c5 2. c3 Nf6 3. e5 Nd5 4. d4 Nc6 5. Nf3 cxd4 6. cxd4 d6 7. Bc4 Nb6 8. Bb5 d5 9. h3 Bf5 10. Nc3 e6 11. O-O Rc8 12. Bg5 Qd7 13. Na4 Nxa4 14. Bxa4 h6 15. Bh4 g5 16. Bg3 Be7 17. Rc1 a6 18. a3 Be4 19. Bxc6 Rxc6 20. Nd2 Bg6 21. f4 Qc7 22. Rxc6 Qxc6 23. fxg5 hxg5 24. Bf2 Qb5 25. Qb3 Qxb3 26. Nxb3 b6 27. Rc1 Kd7 28. Be3 g4 29. hxg4 Rh4 30. g5 Rg4 31. Nd2 Rxg5 32. Bxg5 Bxg5 33. Rd1 Be3+ 34. Kh1 Bxd4 35. Nc4 Bf2 36. Rd2 Bc5 37. b4 b5 38. Nb2 Be3 39. Rd1 Bc2 40. Rf1 Ke7 41. Rf3 d4 42. Rxe3 dxe3 43. Kg1 Kd7 44. Kf1 Kc6 45. Ke2 Kd5 46. Kxe3 Kxe5 47. g3 Kf5 48. Kd2 Bb1 49. a4 Kg4 50. axb5 axb5 51. Nd1 Ba2 52. Ke3 Kxg3 53. Nc3 f5 54. Nxa2 f4+ 55. Kd4 f3 56. Nc3 f2 57. Ne4+ Kf3 58. Ke5 Ke3 59. Nxf2 Kd2 60. Ne4+ Kd3 61. Nc5+ {Ke4+ Kxe4} 1-0

[Event "UZB-ch Men 2018"]
[Site "Tashkent"]
[Date "2018.05.15"]
[Round "13"]
[White "Tillyaev, Ulugbek"]
[Black "Khoroshev, Nikita"]
[Result "0-1"]
[ECO "C44"]
[WhiteElo "2292"]
[BlackElo "2340"]
[Annotator "ChessBase"]
[PlyCount "73"]
[EventDate "2018.05.13"]
[EventType "tourn"]
[EventCountry "UZB"]
[SourceTitle "playchess.com"]
[Source "ChessBase"]
[SourceQuality "1"]
[TimeControl "5400+30"]

1. e4 e5 2. Nf3 Nc6 3. c3 Nf6 4. d4 Nxe4 5. d5 Bc5 6. dxc6 Bxf2+ 7. Ke2 Bb6 8. Qd5 Nf2 9. Rg1 O-O 10. Bg5 bxc6 11. Bxd8 cxd5 12. Bh4 Ba6+ 13. Ke1 Bxf1 14. Bxf2 Ba6 15. Bxb6 axb6 16. Kf2 e4 17. Nd4 f5 18. g3 c5 19. Ne2 g5 20. h4 h6 21. hxg5 hxg5 22. Na3 Kg7 23. Rh1 Rh8 24. Rag1 Kf6 25. Ke3 Ke5 26. Kd2 d4 27. cxd4+ cxd4 28. Rxh8 Rxh8 29. b4 e3+ 30. Ke1 Bxe2 31. Kxe2 Rh2+ 32. Kd3 Rd2+ 33. Kc4 d5+ 34. Kb3 e2 35. Re1 d3 36. Kc3 Rd1 37. Nc2 0-1